cohdb
Replays
Latest Replays
All Replays
Popular Replays
Top Player Replays
Match Explorer
How It Works
Community
CoH3 Stats
Reddit
Sign in to upload your games and track your stats! →
Sign in with Steam
Match 46547169
Unlisted
Match 46547169
Overview
Messages
Build Orders
End
Construct Infanterie Kompanie
Selects Mechanized Battlegroup
MG 42 Machine Gun Team
Grenadier Squad
Grenadier Squad
Construct Panzergrenadier Kompanie
Panzergrenadier Squad
Medical Station
251 Medium Carrier
Selects Spotting Scopes
Selects Stoßtruppen Assault Package
야생의살쾡이
Ashur
Esxile
maxxximka0
0
0
Comments
sign in to comment!
No comments posted yet!